 Dungeon Crawl Stone Soup version 0.18.1-8-gdd0e5ea (webtiles) character file.

114 pipel the Sneak (level 4, -1/21 HPs)
             Began as a Spriggan Enchanter on May 21, 2016.
             Killed by divine providence
             ... invoked by an orc priest
              (11 damage)
             ... on level 3 of the Dungeon.
             The game lasted 00:05:13 (1954 turns).

pipel the Sneak (Spriggan Enchanter)                Turns: 1954, Time: 00:05:15

Health: -1/21      AC:  3    Str:  4    XL:     4   Next: 66%
Magic:  1/9        EV: 19    Int: 16    God:
Gold:   85         SH:  4    Dex: 17    Spells: 4 memorised, 0 levels left

rFire  . . .     SeeInvis +     a - +1 dagger
rCold  . . .     Gourm    .     b - +1 robe
rNeg   + . .     Faith    .     (shield restricted)
rPois  .         Spirit   .     (helmet restricted)
rElec  .         Dismiss  .     (no cloak)
rCorr  .         Reflect  +     (gloves unavailable)
SustAt .         Harm     .     (boots unavailable)
MR     .....                    k - +4 amulet of reflection
Stlth  ++++......               v - ring of positive energy
                                u - ring of wizardry

@: very quick, not resistant to hostile enchantments, stealthy
A: unfitting armour, see invisible, herbivore 3, speed 3, slow metabolism 2
a: no special abilities


You were on level 3 of the Dungeon.
You were not hungry.

You visited 1 branch of the dungeon, and saw 3 of its levels.

You collected 85 gold pieces.

Inventory:

Hand Weapons
 a - a +1 dagger (weapon)
Armour
 b - a +1 robe (worn)
Jewellery
 k - a +4 amulet of reflection (around neck)
 u - a ring of wizardry (left hand)
 v - a ring of positive energy (right hand)
Wands
 t - a wand of flame (26/48)
Scrolls
 f - a scroll of blinking {unknown}
 i - 4 scrolls of teleportation {unknown}
 j - 2 scrolls of identify {unknown}
 o - a scroll of amnesia {unknown}
 p - a scroll of remove curse {unknown}
 q - a scroll of recharging {unknown}
Potions
 e - a potion of haste {unknown}
 h - a potion of curing {unknown}
 l - 4 potions of brilliance {unknown}
 n - 2 potions of cure mutation {unknown}
 r - 2 potions of might {unknown}
 s - a potion of berserk rage {unknown}
 w - a potion of heal wounds {unknown}
Books
 c - a book of Maledictions

   Spells                             Type                      Level
   a - Corona                         Hexes                        1
   b - Ensorcelled Hibernation        Hexes/Ice                    2
   c - Confuse                        Hexes                        3
   d - Tukima's Dance                 Hexes                        3
   e - Dazzling Spray                 Conjuration/Hexes            3
Comestibles
 d - 2 bread rations
 g - a slice of pizza
 m - a royal jelly


   Skills:
 + Level 1.3 Short Blades
 + Level 3.7 Dodging
 + Level 6.5 Stealth
 + Level 3.2 Spellcasting
 + Level 4.6 Hexes
 - Level 0.1 Ice Magic


You couldn't memorise any spells.
You knew the following spells:

 Your Spells              Type           Power        Failure   Level  Hunger
a - Corona                Hex            ###....      1%          1    None
c - Confuse               Hex            ###.....     4%          3    ###....
h - Ensorcelled Hibernat  Hex/Ice        ##....       4%          2    ##.....
s - Dazzling Spray        Conj/Hex       #.......     9%          3    ###....


Dungeon Overview and Level Annotations

Branches:
Dungeon (3/15)

Altars:


Innate Abilities, Weirdness & Mutations

You are tiny and cannot use many weapons and most armour.
You have supernaturally acute eyesight.
You are a herbivore.
You cover ground extremely quickly.
You need consume almost no food.


Message History

The orc is dazzled.
You now have 0/9 mp.
Unknown command.
The orc priest casts a cantrip, but nothing happens.
You barely miss the orc.
The orc is severely wounded.
The orc hits you with a dagger.
You take 1 damage, and have 20/21 hp.
You closely miss the orc.
The orc is severely wounded.
The orc priest invokes the aid of Beogh against you.
Beogh smites you! You block the orc's attack.
You take 10 damage, and have 10/21 hp.
MASSIVE DAMAGE!!
You catch the helpless orc completely off-guard!
You puncture the orc!
You kill the orc!
The orc priest calls down the wrath of Beogh upon you.
Beogh smites you!
Ouch! That really hurt!
You die...

#........#####.#............
#..#...#.# #............#.
##........# #..............
..........# #....^....####.
#.......#####.........# #.
####.#...#...............# #.
..............#.#.##...### #.
####.#.###.......###..######.
#.....# ###@#####........###
# #.#.### #)# #..#.##..#
#.##.#.# #o# #..#.##..#
#......# #..†).# #........#
####.### #...=.# #..##.#..#
#.#### #..(..# #........#
#.##.## #..†..# ##.......#
#.....# #.....# #.##.##.#
####.## ####### #.......#


You could see an orc priest.

Vanquished Creatures
  6 adders
  A dart slug (D:1)
  2 giant geckos (D:3)
  5 orcs (D:3)
  A ball python (D:2)
  4 giant cockroaches
  5 goblins
  4 hobgoblins (D:1)
  6 jackals
  A kobold (D:2)
  5 bats
  8 rats
48 creatures vanquished.

Notes
Turn   | Place    | Note
--------------------------------------------------------------
     0 | D:1      | pipel the Spriggan Enchanter began the quest for the Orb.
     0 | D:1      | Reached XP level 1. HP: 9/9 MP: 5/5
   218 | D:1      | You fall through a shaft!
   330 | D:2      | Reached XP level 2. HP: 13/13 MP: 6/6
   334 | D:2      | Learned a level 2 spell: Ensorcelled Hibernation
   538 | D:2      | Reached skill level 5 in Stealth
   610 | D:2      | Reached XP level 3. HP: 16/16 MP: 5/8
   615 | D:2      | Learned a level 3 spell: Dazzling Spray
  1355 | D:2      | Reached XP level 4. HP: 21/21 MP: 9/9
  1360 | D:2      | Learned a level 3 spell: Confuse
  1679 | D:3      | Reached skill level 6 in Stealth
  1773 | D:3      | Noticed a hungry ghost
  1954 | D:3      | Killed from afar by an orc priest

Skill      XL: |  1  2  3  4 |
---------------+-------------+-----
Hexes          | 4 |  4.6
Stealth        | 5 6 |  6.5
Spellcasting   | 3 |  3.2
Short Blades   | |  1.3
Dodging        | |  3.7
Ice Magic      | |  0.1

Action                   |  1- 3 |  4- 6 || total
-------------------------+-------+-------++-------
Melee: Dagger            |   108 |    26 ||   134
 Cast: Ensorcelled Hiber |    12 |     7 ||    19
       Dazzling Spray    |       |     3 ||     3
  Use: Scroll            |     1 |       ||     1
 Stab: Sleeping          |    20 |     9 ||    29
       Invisible         |       |     1 ||     1
Armor: Robe              |    17 |     7 ||    24
Dodge: Dodged            |    76 |     7 ||    83
Block: Other             |    17 |     3 ||    20
